 Dungeon Sprint DCSS version 0.23.2-30-g0e89c35649 (webtiles) character file.

Game seed: 5421490128343637967

107 HASTUR3 the Conjurer (level 4, -5/24 HPs)
             Began as a Deep Elf Ice Elementalist on June 19, 2019.
             Was a Follower of Kikubaaqudgha.
             Slain by an ice beast (9 damage)
             ... in the Dungeon (Sprint IX: "|||||||||||||||||||||||||||||").
             The game lasted 00:04:23 (563 turns).

HASTUR3 the Conjurer (Deep Elf Ice Elementalist)     Turns: 563, Time: 00:04:23

Health: -5/24      AC:  4    Str:  6    XL:     4   Next: 56%
Magic:  0/10       EV: 13    Int: 23    God:    Kikubaaqudgha [*.....]
Gold:   0          SH:  0    Dex: 15    Spells: 0/9 levels left

rFire    . . .     SeeInvis .   m - staff of energy
rCold    . . .     Gourm    .   (no shield)
rNeg     . . .     Faith    .   a - +0 robe
rPois    .         Spirit   .   (no helmet)
rElec    .         Reflect  .   (no cloak)
rCorr    .         Harm     .   (no gloves)
MR       .....     NoTele   +   (no boots)
Stlth    ++........             (no amulet)
HPRegen  0.08/turn              p - +2 ring of protection
MPRegen  0.12/turn              q - +3 ring of intelligence

@: no status effects
A: no striking features
a: Receive Corpses, Renounce Religion


You were in the Dungeon.
You worshipped Kikubaaqudgha.
Kikubaaqudgha was aware of your devotion.
You were not hungry.

You visited 1 branch

Inventory:

Armour
 a - a +0 robe (worn)
 j - a +0 pair of boots
 n - a +0 pair of gloves
 o - a +2 ring mail
Magical Staves
 m - an uncursed staff of energy (weapon)
Jewellery
 p - a +2 ring of protection (left hand)
 q - a +3 ring of intelligence (right hand)
Wands
 l - a wand of acid (10)
Scrolls
 h - 3 scrolls of remove curse
 i - 2 scrolls of blinking
 k - 2 scrolls of amnesia
Potions
 b - a potion of invisibility
 d - 5 potions of curing
 e - 2 potions of heal wounds
 f - a potion of haste
 g - 4 potions of magic
Comestibles
 c - a ration
 r - 5 chunks of flesh


   Skills:
 - Level 2.4 Dodging
 - Level 2.4 Stealth
 - Level 3.0 Spellcasting
 - Level 7.3 Conjurations
 * Level 3.4 Necromancy
 + Level 6.2 Ice Magic
 + Level 2.0 Evocations


You couldn't memorise any spells.
You knew the following spells:

 Your Spells              Type           Power        Failure   Level  Hunger
a - Freeze                Ice            ####         1%          1    None
b - Throw Frost           Conj/Ice       ####..       1%          2    None
c - Throw Icicle          Conj/Ice       ####....     7%          4    None
d - Animate Skeleton      Necr           N/A          2%          1    None
e - Pain                  Necr           ###.         2%          1    None

Your spell library contained the following spells:

 Spells                   Type           Power        Failure   Level  Hunger
 Sublimation of Blood     Necr           ###.......   4%          2    None
 Vampiric Draining        Necr           ###.......   9%          3    None
 Ozocubu's Armour         Chrm/Ice       ###.....     10%         3    None
 Summon Ice Beast         Ice/Summ       ###.....     32%         4    None


Dungeon Overview and Level Annotations

Branches:
Dungeon (1/1)

Altars:
Cheibriados
Dithmenos
Elyvilon
Fedhas
Gozag
Hepliaklqana
Kikubaaqudgha
Makhleb
Nemelex Xobeh
Okawaru
Qazlal
Ru
Sif Muna
Trog
Uskayaw
Vehumet
Wu Jian
Xom
Yredelemnul
Zin
The Shining One
Beogh
Jiyva
Lugonu


Message History

Aim: an ice beast (severely wounded, chance to defeat MR: 78%)
The ice beast writhes in agony.
The ice beast hits you but does no damage.
Casting: Pain (safe; 2% risk of failure)
Confirm with . or Enter, or press ? or * to list all spells.
Aiming: Pain (safe; 2% risk of failure)
Press: ? - help, Shift-Dir - straight line, f/p - ice beast
Aim: an ice beast (almost dead, chance to defeat MR: 78%)
The ice beast barely resists.
The ice beast hits you but does no damage.
Casting: Pain (safe; 2% risk of failure)
Confirm with . or Enter, or press ? or * to list all spells.
Aiming: Pain (safe; 2% risk of failure)
Press: ? - help, Shift-Dir - straight line, f/p - ice beast
Aim: an ice beast (almost dead, chance to defeat MR: 78%)
The ice beast barely resists.
The ice beast hits you.
* * * LOW HITPOINT WARNING * * *
The ice beast freezes you!
You die...
Kikubaaqudgha rasps: "You have failed me!
Welcome... death!" ▓▓▓▓▓▓▓▓▓▓▓▓▓▓▓▓▓▓▓▓▓▓▓▓▓▓▓▓▓▓▓▓▓ __Y____________Y@....'...)('...<▓ ▓▓▓▓▓▓▓▓▓▓▓▓▓▓▓▓▓▓▓▓▓▓▓▓▓▓▓▓▓▓▓▓▓

You could see an ice beast.

Vanquished Creatures
  A crimson imp (D)
  A jelly (D)
  An iguana (D)
  An ooze (D)
  An orc (D)
  2 bat zombies (D)
  A giant cockroach (D)
  2 kobolds (D)
  A quokka (D)
  A frilled lizard (D)
  A rat (D)
13 creatures vanquished.

Notes
Turn   | Place    | Note
-------+----------+-------------------------------------------
     0 | D        | HASTUR3 the Deep Elf Ice Elementalist began the quest for
                  | the Orb.
     0 | D        | Reached XP level 1. HP: 10/10 MP: 6/6
    10 | D        | Reached skill level 5 in Ice Magic
    11 | D        | Reached XP level 2. HP: 9/15 MP: 0/8
    97 | D        | Learned a level 2 spell: Throw Frost
   100 | D        | Noticed a crimson imp
   112 | D        | Reached skill level 5 in Conjurations
   112 | D        | Reached XP level 3. HP: 9/19 MP: 0/9
   119 | D        | Reached skill level 7 in Conjurations
   119 | D        | Reached XP level 4. HP: 6/24 MP: 0/10
   362 | D        | Found a roughly hewn altar of Beogh.
   362 | D        | Found a snail-covered altar of Cheibriados.
   362 | D        | Found a shadowy altar of Dithmenos.
   362 | D        | Found a white marble altar of Elyvilon.
   362 | D        | Found a blossoming altar of Fedhas.
   362 | D        | Found an opulent altar of Gozag.
   363 | D        | Found a hazy altar of Hepliaklqana.
   364 | D        | Found a viscous altar of Jiyva.
   365 | D        | Found an ancient bone altar of Kikubaaqudgha.
   366 | D        | Found a corrupted altar of Lugonu.
   367 | D        | Found a burning altar of Makhleb.
   368 | D        | Found a sparkling altar of Nemelex Xobeh.
   369 | D        | Found an iron altar of Okawaru.
   370 | D        | Found a stormy altar of Qazlal.
   371 | D        | Found a sacrificial altar of Ru.
   372 | D        | Found a deep blue altar of Sif Muna.
   373 | D        | Found a bloodstained altar of Trog.
   375 | D        | Became a worshipper of Kikubaaqudgha
   377 | D        | Found a hide-covered altar of Uskayaw.
   378 | D        | Found a radiant altar of Vehumet.
   379 | D        | Found an ornate altar of the Wu Jian Council.
   380 | D        | Found a shimmering altar of Xom.
   381 | D        | Found a basalt altar of Yredelemnul.
   382 | D        | Found a glowing silver altar of Zin.
   383 | D        | Found a glowing golden altar of the Shining One.
   397 | D        | Learned a level 4 spell: Throw Icicle
   436 | D        | Noticed a big kobold
   436 | D        | Noticed an ice beast
   473 | D        | Reached * piety under Kikubaaqudgha
   473 | D        | Identified Kikubaaqudgha's Guide on Dark Rituals
                  | (Kikubaaqudgha gifted it to you in the Dungeon)
   473 | D        | Received a gift from Kikubaaqudgha
   477 | D        | Learned a level 1 spell: Animate Skeleton
   539 | D        | Learned a level 1 spell: Pain
   557 | D        | HP: 1/24 [ice beast (6)]
   563 | D        | Slain by an ice beast

Skill      XL: |  1  2  3  4 |
---------------+-------------+-----
Ice Magic      | 5 6 |  6.2
Conjurations   | 5 7 |  7.3
Necromancy     | 3 |  3.4
Evocations     | 2 |  2.0
Dodging        | |  2.4
Stealth        | |  2.4
Spellcasting   | |  3.0

Action                   |  1- 3 |  4- 6 || total
-------------------------+-------+-------++-------
Melee: Short sword       |     8 |     6 ||    14
       Staff             |       |     2 ||     2
 Cast: Freeze            |    10 |     2 ||    12
       Throw Frost       |     3 |     4 ||     7
       Pain              |       |     9 ||     9
       Animate Skeleton  |       |     2 ||     2
  Use: Potion            |     1 |     1 ||     2
Armor: Robe              |     8 |     7 ||    15
Dodge: Dodged            |    13 |    11 ||    24
